 Dungeon Crawl Stone Soup version 0.30-a0-170-g85af917532 (webtiles) character file.

Game seed: 16605104386275622608

717 qw the Chopper (level 7, 0/43 HPs)
             Began as a Gargoyle Fighter on Sept 30, 2022.
             Slain by an ogre
             ... wielding a +0 giant spiked club
              (14 damage)
             ... on level 6 of the Dungeon.
             The game lasted 00:01:19 (4015 turns).

qw the Chopper (Gargoyle Fighter)                   Turns: 4015, Time: 00:01:20

Health: 0/43       AC: 16    Str: 21    XL:     7   Next: 70%
Magic:  7/7        EV:  7    Int:  9    God:
Gold:   130        SH:  4    Dex:  9    Spells: 6/6 levels left

rFire   . . .      SeeInvis .    Y - +1 war axe
rCold   + . .      Faith    .    c - +0 buckler
rNeg    + . .      Spirit   .    n - +0 chain mail
rPois   inf        Reflect  .    k - +0 helmet
rElec   +          Harm     .    (no cloak)
rCorr   .          Rampage  .    (no gloves)
Will    .....                    j - +0 pair of boots
Stlth   ..........               (no amulet)
HPRegen 0.14/turn                p - ring of protection from cold
MPRegen 0.10/turn                (no ring)

@: no status effects
A: sickness immunity, AC +4, negative energy resistance 1, electricity
resistance, torment resistance 1, petrification resistance, hooves 1, wild magic
1
a: no special abilities


You were on level 6 of the Dungeon.
You visited 1 branch of the dungeon, and saw 7 of its levels.

You collected 228 gold pieces.
You spent 98 gold pieces at shops.


Innate Abilities, Weirdness & Mutations

You are immune to sickness and miasma.
Your stone body is resilient. (AC +4)
You are immune to poison.
You resist negative energy. (rN+)
You are resistant to electric shocks. (rElec)
You are resistant to unholy torment.
You are immune to petrification.
You have large cloven feet.
Your spells are a little harder to cast, but a little more powerful.


   Skills:
 - Level 4.2 Fighting
 + Level 6.6 Axes
 - Level 1.9 Throwing
 - Level 3.2 Armour
 - Level 1.8 Dodging
 - Level 3.2 Shields


You had 6 spell levels left.
You didn't know any spells.
Your spell library was empty.

Inventory:

Hand Weapons
 f - a +0 flail
 Y - a +1 war axe (weapon)
Missiles
 h - 3 javelins (quivered)
Armour
 c - a +0 buckler (worn)
 j - a +0 pair of boots (worn)
 k - a +0 helmet (worn)
 n - a +0 chain mail (worn)
Jewellery
 p - a ring of protection from cold (left hand)
Scrolls
 a - 4 scrolls of identify
 m - 2 scrolls of teleportation
Potions
 d - a potion of might
 g - a potion of curing
 i - a potion of haste
 l - 2 potions of lignification

Dungeon Overview and Level Annotations

Branches:
Dungeon (7/15)
 Temple: D:4-7

Altars:
Qazlal
Xom
Yredelemnul

Shops:
D:2 (*!

Annotations:
D:4 3 runed translucent doors, qw's ghost, amateur GrFi


Message History

You barely miss the bullfrog.
The bullfrog is almost dead.
You hit the gnoll but do no damage.
You hit the gnoll bouda but do no damage.
The bullfrog hits you but does no damage.
You block the gnoll's attack. The gnoll hits you but does no damage.
The gnoll bouda hits you but does no damage.
The gnoll hits you but does no damage.
The bullfrog hits you but does no damage.
You slash the bullfrog!
You kill the bullfrog!
You hit the gnoll. You hit the gnoll bouda.
The gnoll bouda hits you but does no damage.
The gnoll hits you but does no damage. x2; The gnoll hits you with a +0 whip.
You block the gnoll bouda's attack. The gnoll hits you but does no damage.
You block the gnoll's attack.
The gnoll hits you from afar with a +0 spear.
You hit the gnoll bouda.
The gnoll bouda is severely wounded.
You hit the gnoll.
The gnoll bouda hits you with a +0 club.
The gnoll hits you with a +0 whip. The gnoll hits you but does no damage.
The gnoll hits you from afar with a +0 halberd.
You hit the gnoll bouda but do no damage.
The gnoll bouda is severely wounded.
You barely miss the gnoll.
Your attacks no longer feel as feeble.
The gnoll bouda hits you but does no damage.
An ogre comes into view. It is wielding a +0 giant spiked club.
The gnoll hits you but does no damage.
The gnoll hits you from afar with a +0 spear.
The gnoll hits you but does no damage.
You slice the gnoll bouda!!
You kill the gnoll bouda!
You hit the gnoll.
You kill the gnoll!
The gnoll closely misses you. The gnoll hits you but does no damage.
The gnoll hits you but does no damage.
The ogre hits you with a +0 giant spiked club!
You die...

.. #. ##
.. #. .#
##. .##
#..##g.#
#>)#
#%@#
#.g##O.#
##. .##
#. ## ##


You could see an ogre and 2 gnolls.

Vanquished Creatures
  A water moccasin (D:3)
  A black bear (D:4)
  3 necrophages
  A bullfrog (D:6)
  A hound (D:5)
  A jelly (D:2)
  2 orc priests (D:5)
  A gnoll bouda (D:6)
  An orc wizard (D:5)
  A gnoll (D:6)
  An adder (D:4)
  3 worms
  A dart slug (D:2)
  5 orcs
  9 ball pythons
  5 endoplasms
  2 giant cockroaches
  8 goblins
  10 hobgoblins
  4 quokkas (D:4)
  5 bats
  4 frilled lizards
  7 kobolds
  2 rats (D:2)
79 creatures vanquished.

Notes
Turn   | Place    | Note
-------+----------+-------------------------------------------
     0 | D:1      | qw the Gargoyle Fighter began the quest for the Orb.
     0 | D:1      | Reached XP level 1. HP: 14/14 MP: 1/1
     0 | D:1      | 0 ||| qw: Version: 0.2-a-12-gaebbb33
     0 | D:1      | 0 ||| qw: Game counter: 1559
     0 | D:1      | 0 ||| qw: Always use a shield: true
     0 | D:1      | 0 ||| qw: God list: Okawaru
     0 | D:1      | 0 ||| qw: Allow faded altars: false
     0 | D:1      | 0 ||| qw: Do Orc after D:15 true
     0 | D:1      | 0 ||| qw: Do second Lair branch before Depths: true
     0 | D:1      | 0 ||| qw: Lair rune preference: random
     0 | D:1      | 0 ||| qw: Plans: Normal, Zot:1-4, God:TSO, Crypt, Tomb,
                  | Pan, Slime:5, Hells, Abyss, Orb
     0 | D:1      | 0 ||| PLANNING D:1-11
    27 | D:1      | HP: 2/14 [hobgoblin (2)]
    29 | D:1      | Reached skill level 2 in Axes
   348 | D:1      | Reached XP level 2. HP: 17/19 MP: 2/2
   365 | D:1      | Found a shimmering altar of Xom.
   458 | D:1      | Found a faded altar of an unknown god.
   899 | D:1      | 899 ||| UPGRADING to +0 pair of boots.
   904 | D:1      | 904 ||| READING 3 scrolls labelled IPEWEZ TEUGETU.
   905 | D:1      | 905 ||| READING scroll labelled ESAUSTRARUE.
   906 | D:1      | 906 ||| DRINKING 2 ruby potions.
   906 | D:1      | Gained mutation: You occasionally lose the ability to drink
                  | potions when taking damage. [potion of mutation]
   906 | D:1      | Gained mutation: You are clumsy. (Dex -2) [potion of
                  | mutation]
   906 | D:1      | Gained mutation: You expend magic power (3 MP) to
                  | strengthen your wands. [potion of mutation]
   907 | D:1      | 907 ||| DRINKING potion of mutation.
   907 | D:1      | Lost mutation: You expend magic power (3 MP) to strengthen
                  | your wands. [potion of mutation]
   907 | D:1      | Lost mutation: You occasionally lose the ability to drink
                  | potions when taking damage. [potion of mutation]
   907 | D:1      | Lost mutation: You are clumsy. (Dex -2) [potion of
                  | mutation]
   907 | D:1      | Gained mutation: Your spells are a little harder to cast,
                  | but a little more powerful. [potion of mutation]
   907 | D:1      | Gained mutation: You have large cloven feet. [potion of
                  | mutation]
   908 | D:1      | 908 ||| READING 2 scrolls of identify.
   908 | D:1      | 908 ||| IDENTIFYING inky potion
   909 | D:1      | 909 ||| DROPPING potion of degeneration.
   950 | D:2      | 950 ||| Stepping ~*~*~tactically~*~*~ (hiding).
   958 | D:2      | Reached skill level 3 in Axes
   965 | D:2      | Reached XP level 3. HP: 23/23 MP: 3/3
   986 | D:2      | 986 ||| Stepping ~*~*~tactically~*~*~ (stealth).
   989 | D:2      | 989 ||| Stepping ~*~*~tactically~*~*~ (stealth).
  1086 | D:2      | 1086 ||| Stepping ~*~*~tactically~*~*~ (stealth).
  1266 | D:2      | 1266 ||| FLEEEEING.
  1339 | D:2      | Found Hoip's Weapon Shoppe.
  1371 | D:2      | 1371 ||| BUYING +0 flail (35 gold).
  1371 | D:2      | Bought a +0 flail for 35 gold pieces
  1371 | D:2      | 1371 ||| DROPPING +0 club.
  1372 | D:2      | Found Atzyan's Assorted Antiques.
  1382 | D:2      | 1382 ||| BUYING pink potion (19 gold).
  1382 | D:2      | Bought a pink potion for 19 gold pieces
  1382 | D:2      | 1382 ||| SHOPLISTING potion of might (88 gold, have 51).
  1382 | D:2      | 1382 ||| BUYING scroll of identify (44 gold).
  1382 | D:2      | Bought a scroll of identify for 44 gold pieces
  1382 | D:2      | 1382 ||| SHOPLISTING scroll of identify (44 gold, have 7).
  1382 | D:2      | 1382 ||| SHOPLISTING shiny scale mail (154 gold, have 7).
  1385 | D:2      | Found Orehia's Distillery.
  1392 | D:2      | 1392 ||| SHOPLISTING potion of cancellation (96 gold, have
                  | 7).
  1392 | D:2      | 1392 ||| SHOPLISTING potion of curing (36 gold, have 7).
  1392 | D:2      | 1392 ||| SHOPLISTING potion of mutation (96 gold, have 7).
  1431 | D:2      | Reached skill level 4 in Axes
  1431 | D:2      | Reached XP level 4. HP: 17/28 MP: 4/4
  1545 | D:2      | 1545 ||| Stepping ~*~*~tactically~*~*~ (stealth).
  1602 | D:2      | 1602 ||| READING scroll labelled NIASOAFOMO.
  1603 | D:2      | 1603 ||| READING scroll labelled REONIT JODDEOP.
  1604 | D:2      | 1604 ||| READING 4 scrolls of identify.
  1604 | D:2      | 1604 ||| IDENTIFYING pink potion
  1620 | D:3      | Found a stormy altar of Qazlal.
  1648 | D:3      | Noticed a water moccasin
  1659 | D:3      | Killed a water moccasin
  1660 | D:3      | Reached skill level 5 in Axes
  1660 | D:3      | Reached XP level 5. HP: 25/32 MP: 5/5
  2091 | D:3      | Reached skill level 1 in Throwing
  2091 | D:3      | Reached XP level 6. HP: 17/37 MP: 6/6
  2489 | D:3      | 2489 ||| UPGRADING to +0 helmet.
  2494 | D:3      | 2494 ||| READING scroll labelled TAIBEU ISEYKK.
  2497 | D:3      | 2497 ||| READING 5 scrolls of identify.
  2497 | D:3      | 2497 ||| IDENTIFYING brown potion
  2498 | D:3      | 2498 ||| READING 4 scrolls of identify.
  2498 | D:3      | 2498 ||| IDENTIFYING fizzy silvery potion
  2526 | D:4      | Noticed qw's ghost (amateur GrFi)
  2576 | D:4      | Noticed a black bear
  2577 | D:4      | 2577 ||| Stepping ~*~*~tactically~*~*~ (stealth).
  2579 | D:4      | 2579 ||| Stepping ~*~*~tactically~*~*~ (stealth).
  2585 | D:4      | 2585 ||| Stepping ~*~*~tactically~*~*~ (stealth).
  2598 | D:4      | Killed a black bear
  2599 | D:4      | Reached skill level 1 in Dodging
  2618 | D:4      | 2618 ||| FLEEEEING.
  2619 | D:4      | 2619 ||| FLEEEEING.
  2620 | D:4      | 2620 ||| FLEEEEING.
  2622 | D:4      | 2622 ||| FLEEEEING.
  2623 | D:4      | 2623 ||| FLEEEEING.
  2624 | D:4      | 2624 ||| FLEEEEING.
  2625 | D:4      | 2625 ||| FLEEEEING.
  3038 | D:4      | Reached XP level 7. HP: 43/43 MP: 7/7
  3072 | D:4      | Identified the +2 leather armour of the Teacher {Str+4}
  3074 | D:4      | Found a runed translucent gate.
  3075 | D:4      | Found a runed translucent gate.
  3076 | D:4      | Found a runed translucent gate.
  3404 | D:4      | 3404 ||| UPGRADING to +0 chain mail.
  3414 | D:4      | 3414 ||| DROPPING +0 scale mail.
  3415 | D:4      | 3415 ||| READING scroll labelled XOEREAREAF.
  3529 | D:5      | Entered Level 5 of the Dungeon
  3687 | D:5      | 3687 ||| DRINKING 3 potions of curing.
  3687 | D:5      | 3687 ||| (to cure confusion)
  3688 | D:5      | 3688 ||| DRINKING 2 potions of curing.
  3688 | D:5      | 3688 ||| (to cure confusion)
  3903 | D:5      | Reached skill level 6 in Axes
  3950 | D:5      | Identified the +0 hat "Lyosurao" {rN+++ Dex-4}
  3987 | D:5      | Found a faded altar of an unknown god.
  3987 | D:5      | Found a faded altar of an unknown god.
  3996 | D:5      | Found a basalt altar of Yredelemnul.
  3996 | D:5      | You fall into a shaft and drop 2 floors!
  3997 | D:7      | 3997 ||| DROPPING +0 hat "Lyosurao" {rN+++ Dex-4}.
  3998 | D:7      | 3998 ||| UPGRADING to ring of protection from cold.
  3999 | D:7      | 3999 ||| READING scroll labelled NESHAT CIPUI.
  4000 | D:7      | 4000 ||| READING 5 scrolls of identify.
  4000 | D:7      | 4000 ||| IDENTIFYING bubbling dark potion
  4001 | D:7      | 4001 ||| DROPPING potion of brilliance.
  4015 | D:6      | Slain by an ogre

Levels and vault maps discovered:
D:1:      erik_arrival_blinker_ship, layout_rooms,
          chequers_ecumenical_altar_simple, nrook_mini_vaults,
          minmay_hexomino_r4
D:2:      layout_rooms, serial_shops, nicolae_shop_bloodbath_and_beyond, shop,
          nicolae_shop_trees
D:3:      layout_basic, grunt_qazlal_sundering, serial_rivers,
          chequers_serial_rivers_small_a, chequers_serial_rivers_micro_c,
          chequers_serial_rivers_micro_d, chequers_serial_rivers_room_a,
          chequers_serial_rivers_room_b, chequers_serial_rivers_room_a
D:4:      layout_cave_pods, gammafunk_ghost_icy, reono_crystal_passage,
          minmay_misc_feat_plants, st_stairs_14, kennysheep_generic_room_14
D:5:      layout_basic, kennysheep_little_box, kennysheep_mini_moat,
          chequers_temple_overflow_minitemple, nzn_wu_jian_council_hall,
          uniq_blork_the_orc
D:6:      layout_layer_cave, lemuel_crystal_altar, minmay_door_square,
          hangedman_abyss_or_decor_lesser_grid, st_stairs_7,
          kennysheep_small_spiral, uniq_edmund
D:7:      layout_basic, grunt_temple_overflow_magic_moments,
          trog_ov_bears_minmay, minmay_temple_entry_large_hall,
          serial_bayou_ford_a, minmay_fire_ice_demons

Skill      XL: |  1  2  3  4  5  6  7 |
---------------+----------------------+-----
Axes           | 2 3 4 5 6 |  6.6
Throwing       | 1 |  1.9
Fighting       | 4 |  4.2
Dodging        | 1 |  1.8
Armour         | |  3.2
Shields        | |  3.2

Action                   |  1- 3 |  4- 6 |  7- 9 || total
-------------------------+-------+-------+-------++-------
Melee: War axe           |    96 |    94 |    47 ||   237
Throw: Javelin           |       |    26 |     7 ||    33
  Use: Scroll            |     3 |     6 |     3 ||    12
       Potion            |     2 |       |     2 ||     4
Armor: Scale mail        |    34 |    66 |     5 ||   105
       Chain mail        |       |       |    40 ||    40
Dodge: Dodged            |    40 |    31 |    17 ||    88
Block: Buckler           |    20 |    15 |    11 ||    46

Table legend:
 A = Non-vault XP
 B = Vault XP
 C = Vault XP percentage of total XP
 D = Non-vault monster count
 E = Vault monster count
 F = Vault count percentage of total count
                 A         B        C        D         E       F
            +---------+---------+-------+---------+---------+-------
      Total |     929 |      96 |   9.4 |      72 |       7 |   8.9
            +---------+---------+-------+---------+---------+-------
        D:1 |      20 |       5 |  20.0 |      11 |       3 |  21.4
        D:2 |      84 |       2 |   2.3 |      22 |       1 |   4.3
        D:3 |     259 |       0 |   0.0 |      13 |       0 |   0.0
        D:4 |     264 |       4 |   1.5 |      18 |       2 |  10.0
        D:5 |     249 |       0 |   0.0 |       6 |       0 |   0.0
        D:6 |      53 |      85 |  61.6 |       2 |       1 |  33.3
            +---------+---------+-------+---------+---------+-------
